 Dungeon Crawl Stone Soup version 0.22-a0-21-g9421e3f (webtiles) character file.

525 tidbits the Covert (level 7, 31/31 HPs)
             Began as a Felid Necromancer on Jan 2, 2018.
             Was a Follower of Cheibriados.
             Quit the game on level 7 of the Dungeon.
             The game lasted 00:31:09 (2461 turns).

tidbits the Covert (Felid Necromancer)              Turns: 2461, Time: 00:31:10

Health: 31/31      AC:  2    Str:  8    XL:     7   Next: 2%
Magic:  14/14      EV: 22    Int: 20    God:    Cheibriados [*.....]
Gold:   87         SH:  0    Dex: 20    Spells: 6/14 levels left
                                        Lives:  0   Deaths: 2

rFire    . . .     SeeInvis +     - Unarmed
rCold    + . .     Gourm    .   (shield unavailable)
rNeg     . . .     Faith    .   (armour unavailable)
rPois    .         Spirit   .   (helmet unavailable)
rElec    .         Reflect  .   (cloak unavailable)
rCorr    .         Harm     +   (gloves unavailable)
MR       +....                  (boots unavailable)
Stlth    +++++.....             g - amulet of harm
HPRegen  0.10/turn              m - ring of protection from cold
MPRegen  0.14/turn              (no ring)

@: very slow
A: very small, no armour, no weapons or thrown items, stealth, claws 1, fangs 3,
see invisible, carnivore, speed 1, shaggy fur 2, slow metabolism 1, sharp paws
a: Bend Time, Renounce Religion


You were on level 7 of the Dungeon.
You worshipped Cheibriados.
Cheibriados was aware of your devotion.
You were not hungry.

You visited 1 branch of the dungeon, and saw 9 of its levels.

You collected 236 gold pieces.
You spent 149 gold pieces at shops.

Inventory:

Missiles
 b - 110 arrows
Jewellery
 g - an amulet of harm (around neck)
   (You found it on level 3 of the Dungeon)
 m - a ring of protection from cold (left paw)
   (You took it off an orc on level 6 of the Dungeon)
Scrolls
 d - 4 scrolls of identify
 e - a scroll of fog
 f - a scroll of amnesia
 r - 4 scrolls of remove curse
Potions
 h - a potion of magic
 i - 2 potions of degeneration
 k - a potion of cancellation
Books
 a - a book of Necromancy

   Spells                             Type                      Level
   a - Pain                           Necromancy                   1
   b - Animate Skeleton               Necromancy                   1
   c - Vampiric Draining              Necromancy                   3
   d - Regeneration                   Charms/Necromancy            3
   e - Animate Dead                   Necromancy                   4
   f - Borgnjor's Vile Clutch         Necromancy/Earth             5
Comestibles
 c - 2 rations


   Skills:
 - Level 3.0 Fighting
 - Level 5.8 Dodging
 - Level 8.2 Stealth
 + Level 4.0 Unarmed Combat
 - Level 4.1 Spellcasting
 - Level 4.0 Necromancy


You had 6 spell levels left.
You knew the following spells:

 Your Spells              Type           Power        Failure   Level  Hunger
a - Pain                  Necr           ###.         2%          1    None
n - Animate Skeleton      Necr           N/A          2%          1    None
r - Regeneration          Chrm/Necr      ##........   17%         3    ###....
v - Vampiric Draining     Necr           ###.......   7%          3    ###....


Dungeon Overview and Level Annotations

Branches:
Dungeon (9/15)
 Temple: D:4-7         Lair: D:8-11         Orc: D:9-12

Altars:
Cheibriados
Qazlal
Ru
Trog
Uskayaw

Shops:
D:4 ?

Annotations:
D:2 exclusion: ogre
D:4 Grinder, Pikel


Innate Abilities, Weirdness & Mutations

You cannot wear armour.
You are incapable of wielding weapons or throwing items.
Your paws allow you to move quietly. (Stealth)
You have sharp claws.
You have razor-sharp teeth.
You have supernaturally acute eyesight. (SInv)
You are carnivorous and can eat meat at any time.
You cover ground quickly.
You are covered in thick fur. (AC +2)
You have a slow metabolism.
Your sharp claws are effective at attacking unaware monsters.


Message History

You scratch the crimson imp but do no damage.
You bite the crimson imp, but do no damage.
The crimson imp is heavily wounded.
Your skin is crawling a little less now.
The crimson imp shouts, "Give up, thou dankish tickle-brained snake-molt!"
The crimson imp completely misses you.
Your orc skeleton closely misses the crimson imp.
You scratch the crimson imp.
The crimson imp is severely wounded.
The crimson imp barely misses you.
You scratch the crimson imp. Your bite misses the crimson imp.
The crimson imp is severely wounded.
The crimson imp misses you.
Your orc skeleton hits the crimson imp but does no damage.
You miss the crimson imp.
The crimson imp is heavily wounded.
The crimson imp barely misses you.
Your orc skeleton closely misses the crimson imp.
You scratch the crimson imp.
The crimson imp is severely wounded.
The crimson imp closely misses you.
You scratch the crimson imp.
You kill the crimson imp!
Cheibriados appreciates the change of pace.
Your Fighting skill increases to level 3!
You have reached level 8!
Your skin stops crawling.
The adder hisses angrily.
You closely miss the adder. You bite the adder, but do no damage.
The adder completely misses you.
You swap places.
The adder bites your orc skeleton.
Your orc skeleton barely misses the adder.
The adder bites your orc skeleton.
Your orc skeleton barely misses the adder.
The adder bites you.
You scratch the adder. Your bite misses the adder.
The adder is moderately wounded.
The adder barely misses you.
Your orc skeleton hits the adder with a hand axe.
You closely miss the adder.
The adder is almost dead.
The adder misses you.
Your orc skeleton hits the adder with a hand axe.
The adder dies!
Cheibriados appreciates the change of pace.
Found a stone staircase leading up.
There is a stone staircase leading up here.
You climb upwards.
Your mindless thrall stays behind.
Found a scroll of fear.
There is a stone staircase leading down here.
You see here a scroll of fear.
j - a scroll of fear You open the door.
Found 3 rations. 4 hogs and a human come into view.
Found a potion of degeneration and 2 rations.
There is an open door here.
The hog squeals angrily. x2; The human shouts!
The hog squeals angrily.
The hog completely misses you. The human barely misses you.
There is an open door here.
The flow of time bends around you.
Cheibriados rebukes the hog.
The hog seems to slow down.
You feel slightly more hungry. The hog bites you!
* * * LOW HITPOINT WARNING * * *
You scratch the hog.
The hog is lightly wounded.
The hog completely misses you.
You closely miss the hog.
The hog is lightly wounded.
The hog barely misses you.
You scratch the hog. Your bite misses the hog.
The hog is lightly wounded.
You scratch the hog but do no damage.
The hog is lightly wounded.
The hog barely misses you.
You scratch the hog.
The hog is lightly wounded.
The hog completely misses you.
You scratch the hog.
The hog is moderately wounded.
You closely miss the hog.
The hog is moderately wounded.
The hog bites you!
* * * LOW HITPOINT WARNING * * *
You scratch the hog but do no damage.
The hog is moderately wounded.
The hog misses you.
Okay, then.
As you read the scroll of fear, it crumbles to dust.
You assume a fearsome visage.
The hog looks frightened!
The human looks frightened!
The hog looks frightened!
Okay, then.
The hog is no longer moving slowly.
The hog bites you!
You die...
You are now level 7!
You rejoin the land of the living...
Unknown command.
Okay, then.
Are you sure you want to abandon this character and quit the game? (Confirm with "yes".)

### #.# #.#. #.# #.#. #.# #.#.
#.# #.#. #.# #.#. #.# #.#. #.#
##... #.# ############ ##....
.#####.#######.@........###...#.
#...............########.....#.#.
#########........................
#########################


There were no monsters in sight!

Vanquished Creatures
  Eustachio (D:6)
  An ice beast (D:7)
  An ogre (D:8)
  A centaur (D:8)
  2 bullfrogs (D:7)
  A crimson imp (D:8)
  A quasit (D:8)
  A centaur zombie (D:8)
  2 jellies
  3 hounds
  A bullfrog skeleton (D:8)
  An orc priest (D:9)
  A centaur skeleton (D:8)
  An orc wizard (D:8)
  3 worker ants
  2 hound skeletons
  9 adders
  An adder skeleton (D:5)
  2 worms
  2 dart slugs (D:3)
  3 leopard geckos
  10 orcs
  A giant cockroach (D:3)
  3 goblins
  6 hobgoblins
  2 quokkas
  5 ball pythons
  4 bats (D:1)
  A frilled lizard (D:3)
  6 kobolds
  3 rats
81 creatures vanquished.

Vanquished Creatures (collateral kills)
  A worker ant (D:8)
  2 adders
  A bat (D:8)
4 creatures vanquished.

Vanquished Creatures (others)
  A giant cockroach (D:7)
  2 fungi (D:9)
3 creatures vanquished.

Grand Total: 88 creatures vanquished

Notes
Turn   | Place    | Note
-------+----------+-------------------------------------------
     0 | D:1      | tidbits the Felid Necromancer began the quest for the Orb.
     0 | D:1      | Reached XP level 1. HP: 7/7 MP: 4/4
   394 | D:2      | Reached skill level 1 in Unarmed Combat
   394 | D:2      | Reached XP level 2. HP: 3/11 MP: 0/6
   397 | D:2      | Learned a level 1 spell: Animate Skeleton
   399 | D:2      | Noticed an ogre
   535 | D:2      | Reached skill level 2 in Unarmed Combat
   535 | D:2      | Reached XP level 3. HP: 8/14 MP: 7/7
   588 | D:2      | Reached skill level 3 in Unarmed Combat
   605 | D:2      | Reached XP level 4. HP: 7/18 MP: 5/8
   613 | D:2      | Learned a level 3 spell: Regeneration
   683 | D:4      | Noticed Grinder
   693 | D:4      | Found Doluutywn's Magic Scroll Emporium.
   708 | D:4      | Bought a scroll of identify for 26 gold pieces
   708 | D:4      | Bought a scroll of fog for 26 gold pieces
   711 | D:5      | Entered Level 5 of the Dungeon
   711 | D:5      | Found a hide-covered altar of Uskayaw.
   711 | D:5      | Noticed a hand axe
   711 | D:5      | Noticed a hand axe
   786 | D:4      | Found a snail-covered altar of Cheibriados.
   786 | D:4      | Found a bloodstained altar of Trog.
   790 | D:4      | Became a worshipper of Cheibriados the Contemplative
  1032 | D:3      | Reached skill level 4 in Unarmed Combat
  1360 | D:8      | Noticed a centaur
  1367 | D:8      | Killed a centaur
  1367 | D:8      | Reached skill level 3 in Spellcasting
  1367 | D:8      | Reached XP level 5. HP: 21/21 MP: 7/11
  1375 | D:8      | Learned a level 3 spell: Vampiric Draining
  1436 | D:8      | Noticed an ogre
  1441 | D:8      | Noticed an ogre
  1451 | D:8      | Demolished by an ogre
  1452 | D:8      | Reached XP level 4. HP: -17/18 MP: 1/10
  1469 | D:6      | Reached skill level 4 in Spellcasting
  1469 | D:6      | Reached XP level 5. HP: 7/21 MP: 5/12
  1504 | D:6      | Noticed Eustachio
  1531 | D:6      | Killed Eustachio
  1531 | D:6      | Reached skill level 5 in Stealth
  1531 | D:6      | Gained mutation: You are covered in thick fur. (AC +2) [Felid growth]
  1531 | D:6      | Reached XP level 6. HP: 17/24 MP: 6/13
  1593 | D:4      | Reached skill level 6 in Stealth
  1618 | D:4      | Noticed a slave
  1619 | D:4      | Noticed a slave
  1620 | D:4      | Noticed a slave
  1621 | D:4      | Noticed a slave
  1622 | D:4      | Noticed Pikel
  1694 | D:3      | Reached * piety under Cheibriados
  1807 | D:4      | Bought a scroll of blinking for 97 gold pieces
  1824 | D:5      | Found a stormy altar of Qazlal.
  1828 | D:5      | You fall through a shaft!
  1861 | D:6      | Found a bloodstained altar of Trog.
  1895 | D:7      | Noticed an ice beast
  1903 | D:7      | Killed an ice beast
  1903 | D:7      | Reached skill level 7 in Stealth
  1926 | D:7      | Reached XP level 7. HP: 26/27 MP: 5/14
  1942 | D:7      | Reached skill level 8 in Stealth
  2059 | D:8      | Reached skill level 4 in Dodging
  2080 | D:8      | Found a sacrificial altar of Ru.
  2123 | D:7      | Reached skill level 5 in Dodging
  2308 | D:8      | Reached skill level 1 in Fighting
  2325 | D:9      | Reached ** piety under Cheibriados
  2326 | D:9      | Reached skill level 2 in Fighting
  2342 | D:8      | HP: 3/30 [quasit (1)]
  2397 | D:8      | Reached skill level 3 in Fighting
  2397 | D:8      | Reached XP level 8. HP: 17/34 MP: 4/15
  2460 | D:7      | Mangled by a hog
  2461 | D:7      | Reached XP level 7. HP: -7/31 MP: 11/14
  2461 | D:7      | Quit the game

Vault maps used:
D:1:      scummos_arrival_hexagon
D:2:      minmay_snake_closets
D:4:      marbit_many_paths, gammafunk_temple_overflow_wave, serial_shops, shop,
          uniq_crazy_yiuf_cottage, uniq_grinder, uniq_pikel, uniq_duvessa
D:5:      dancing_weapons_uskayaw, grunt_qazlal_sundering, first_ration,
          fountainhead
D:6:      basic_altar, trog_eyes_of_draining, uniq_eustachio
D:7:      kennysheep_seaside_town, lemuel_temple_firewalk_a, grunt_livestock,
          serial_park_tiny_pond, david_defended_altar_elf
D:8:      nicolae_ru_great_annihilating_truth
D:9:      due_lair_maze_entry_diamond

Skill      XL: |  1  2  3  4  5  6  7 |
---------------+----------------------+-----
Unarmed Combat | 1 2 3 4 |  4.0
Spellcasting   | 4 |  4.1
Stealth        | 5 7 8 |  8.2
Dodging        | 5 |  5.8
Fighting       | 3 |  3.0
Necromancy     | |  4.0

Action                   |  1- 3 |  4- 6 |  7- 9 || total
-------------------------+-------+-------+-------++-------
Melee: Unarmed           |     7 |    38 |    78 ||   123
       Bite              |       |     3 |    11 ||    14
       Punch             |       |       |     1 ||     1
 Cast: Pain              |    27 |    56 |    12 ||    95
       Animate Skeleton  |     1 |     1 |     4 ||     6
       Regeneration      |       |     3 |     1 ||     4
       Vampiric Draining |       |     5 |     6 ||    11
Invok: Bend Time         |       |       |     6 ||     6
  Use: Scroll            |     3 |     4 |     5 ||    12
       Potion            |     4 |     4 |       ||     8
 Stab: Sleeping          |     6 |    18 |     7 ||    31
       Paralysed         |       |       |     1 ||     1
  Eat: Ration            |       |     1 |       ||     1
Armor: Skin              |     2 |     3 |     9 ||    14
Dodge: Dodged            |     7 |    47 |   125 ||   179

Table legend:
 A = Spawn XP
 B = Non-spawn XP
 C = Spawn XP percentage of total XP
 D = Spawn monster count
 E = Non-spawn monster count
 F = Spawn count percentage of total count
 G = Total turns spent on level
                    A         B        C        D         E        F      G
               +---------+---------+-------+---------+---------+-------+---------
         Total |       0 |    1620 |   0.0 |       0 |      85 |   0.0 |  2461
               +---------+---------+-------+---------+---------+-------+---------
           D:1 |       0 |       8 |   0.0 |       0 |       6 |   0.0 |   321
           D:2 |       0 |     100 |   0.0 |       0 |      18 |   0.0 |   456
           D:3 |       0 |      60 |   0.0 |       0 |      20 |   0.0 |   477
           D:4 |       0 |      61 |   0.0 |       0 |       5 |   0.0 |   266
           D:5 |       0 |      86 |   0.0 |       0 |       4 |   0.0 |    95
           D:6 |       0 |     245 |   0.0 |       0 |       4 |   0.0 |   152
           D:7 |       0 |     368 |   0.0 |       0 |       6 |   0.0 |   219
           D:8 |       0 |     605 |   0.0 |       0 |      19 |   0.0 |   464
           D:9 |       0 |      87 |   0.0 |       0 |       3 |   0.0 |    11
               +---------+---------+-------+---------+---------+-------+---------

Table legend:
 A = Turns spent in this place as a percentage of turns spent in the entire game.
 B = Non-inter-level travel turns spent in this place as a percentage of non-inter-level travel turns spent in the entire game.
 C = Inter-level travel turns spent in this place as a percentage of turns spent in this place.
 D = Turns resting spent in this place as a percentage of non-inter-level travel turns spent in this place.
 E = Turns spent auto-exploring this place as a percentage of non-inter-level travel turns spent in this place.
 F = Non-inter-level travel turns spent in this place divided by the number of levels of this place that you've seen.
                   A       B       C       D       E      F
               +-------+-------+-------+-------+-------+----------------------
         Total | 100.0 | 100.0 |   3.7 |   0.0 |   0.0 | 263.3
       Dungeon | 100.0 | 100.0 |   3.7 |   0.0 |   0.0 | 263.3
               +-------+-------+-------+-------+-------+----------------------

Table legend:
 A = Kills in this place as a percentage of kills in entire the game.
 B = Kills by you in this place as a percentage of kills by you in the entire game.
 C = Kills by friends in this place as a percentage of kills by friends in the entire game.
 D = Other kills in this place as a percentage of other kills in the entire game.
 E = Experience gained in this place as a percentage of experience gained in the entire game.
 F = Experience gained in this place divided by the number of levels of this place that you have seen.
                   A       B       C       D       E      F
               +-------+-------+-------+-------+-------+----------------------
         Total | 100.0 | 100.0 | 100.0 |   N/A | 100.0 | 180.0
       Dungeon | 100.0 | 100.0 | 100.0 |   N/A | 100.0 | 180.0
               +-------+-------+-------+-------+-------+----------------------

Vault maps used:
D:1:      scummos_arrival_hexagon
D:2:      minmay_snake_closets
D:4:      marbit_many_paths, gammafunk_temple_overflow_wave, serial_shops, shop,
          uniq_crazy_yiuf_cottage, uniq_grinder, uniq_pikel, uniq_duvessa
D:5:      dancing_weapons_uskayaw, grunt_qazlal_sundering, first_ration,
          fountainhead
D:6:      basic_altar, trog_eyes_of_draining, uniq_eustachio
D:7:      kennysheep_seaside_town, lemuel_temple_firewalk_a, grunt_livestock,
          serial_park_tiny_pond, david_defended_altar_elf
D:8:      nicolae_ru_great_annihilating_truth
D:9:      due_lair_maze_entry_diamond
